 Dungeon Crawl Stone Soup version 0.29.0-4-gdea44cf6ec (webtiles) character file.

Game seed: 13264686077799928181

58 qw the Sneak (level 4, -2/36 HPs)
             Began as a Ghoul Enchanter on Sept 8, 2022.
             Slain by a gnoll
             ... wielding a +0 flail
              (4 damage)
             ... on level 3 of the Dungeon.
             The game lasted 00:00:55 (2352 turns).

qw the Sneak (Ghoul Enchanter)                      Turns: 2352, Time: 00:00:56

Health: -2/36      AC:  3    Str: 13    XL:     4   Next: 2%
Magic:  5/5        EV: 11    Int: 10    God:
Gold:   147        SH:  0    Dex:  9    Spells: 6/6 levels left

rFire   . . .      SeeInvis .   Y - +0 hand axe
rCold   + . .      Faith    .   (no shield)
rNeg    + + +      Spirit   .   d - +0 leather armour
rPois   inf        Reflect  .   (no helmet)
rElec   .          Harm     .   (no cloak)
rCorr   .          Rampage  .   (no gloves)
Will    .....                   (no boots)
Stlth   ++........              (no amulet)
HPRegen 0.00/turn               (no ring)
MPRegen 0.09/turn               (no ring)

@: inhibited regen
A: claws 1, cold resistance 1, negative energy resistance 3, inhibited
regeneration, torment resistance 2, devour on kill
a: no special abilities


You were on level 3 of the Dungeon.
You visited 1 branch of the dungeon, and saw 3 of its levels.

You collected 147 gold pieces.


Innate Abilities, Weirdness & Mutations

You are immune to poison.
You have sharp fingernails.
Your flesh is cold resistant. (rC+)
You are immune to negative energy. (rN+++)
You do not regenerate when monsters are visible.
You are immune to unholy pain and torment.
You thrive by killing the living.


   Skills:
 - Level 2.1 Fighting
 - Level 0.8 Short Blades
 + Level 2.4 Axes
 - Level 1.7 Dodging
 - Level 3.2 Stealth
 - Level 1.7 Spellcasting
 - Level 2.4 Hexes


You had 6 spell levels left.
You didn't know any spells.
Your spell library contained the following spells:

 Spells                   Type           Power      Damage    Failure   Level
 Ensorcelled Hibernation  Hex/Ice        6%         N/A       36%         2
 Confusing Touch          Hex            5%         N/A       41%         3
 Tukima's Dance           Hex            5%         N/A       41%         3
 Dazzling Flash           Conj/Hex       6%         N/A       58%         3

Inventory:

Hand Weapons
 m - a +0 whip
 Y - a +0 hand axe (weapon)
Missiles
 n - 2 javelins (quivered)
Armour
 b - a +0 ring mail
 d - a +0 leather armour (worn)
 l - a +0 chain mail
Jewellery
 j - a ring of willpower
Scrolls
 c - a scroll of fear {unknown}
 f - a scroll of vulnerability {unknown}
 g - a scroll of enchant armour {unknown}
 i - a scroll of identify
 p - a scroll of poison {unknown}
Potions
 a - a potion of flight {unknown}
 e - a potion of cancellation {unknown}
 h - a potion of mutation {unknown}
 k - a potion of attraction {unknown}
 o - a potion of might {unknown}

Dungeon Overview and Level Annotations

Branches:
Dungeon (3/15)

Altars:


Message History

You throw a javelin. The javelin pierces through the gnoll!
You kill the gnoll!
A gnoll comes into view. It is wielding a +0 flail.
Throw: 3 javelins
Press: ? - help, Q - select action Shift-Dir - straight line, f - orc You throw a javelin.
The javelin closely misses the orc.
You hit the orc.
The orc is almost dead.
The orc hits you with a +0 dagger.
You hit the orc.
You kill the orc!
You feel better.
You have reached level 4!
You completely miss the gnoll. The gnoll hits you but does no damage.
You hit the gnoll.
The gnoll is lightly wounded.
The gnoll hits you with a +0 flail!
You closely miss the gnoll.
The gnoll is lightly wounded.
The gnoll barely misses you.
You hit the gnoll.
The gnoll is moderately wounded.
The gnoll closely misses you.
You hit the gnoll but do no damage.
The gnoll is moderately wounded.
The gnoll hits you with a +0 flail! The gnoll hits you with a +0 flail.
You hit the gnoll but do no damage.
The gnoll is moderately wounded.
The gnoll barely misses you.
You hit the gnoll. You claw the gnoll, but do no damage.
The gnoll is heavily wounded.
The gnoll hits you with a +0 flail.
You closely miss the gnoll.
The gnoll is heavily wounded.
The gnoll hits you with a +0 flail!
You hit the gnoll.
The gnoll is almost dead.
The gnoll hits you with a +0 flail.
You die...

.... #.........
....##### #.........
........####.........
.................##..
..................#..
....................#
....####............#
########............#
#@.............##.
#g.............+..
#.....##...#...##.
#)>...##...##.....
.............##.....
###......#....##.....
...(....##...##.....
....#+#####...##.....
..... #...##.....


You could see a gnoll.

Vanquished Creatures
  An adder (D:3)
  A gnoll (D:3)
  2 dart slugs (D:1)
  An orc (D:3)
  6 endoplasms
  A giant cockroach (D:1)
  A goblin (D:1)
  3 hobgoblins
  3 kobolds
  A quokka (D:3)
  5 ball pythons (D:1)
  4 bats
  A frilled lizard (D:3)
  3 rats (D:1)
33 creatures vanquished.

Notes
Turn   | Place    | Note
-------+----------+-------------------------------------------
     0 | D:1      | qw the Ghoul Enchanter began the quest for the Orb.
     0 | D:1      | Reached XP level 1. HP: 14/14 MP: 2/2
     0 | D:1      | 0 ||| qw: Version: 0.1-a-112-g44dc6cd
     0 | D:1      | 0 ||| qw: Game counter: 6754
     0 | D:1      | 0 ||| qw: Always use a shield: true
     0 | D:1      | 0 ||| qw: God list: Okawaru
     0 | D:1      | 0 ||| qw: Allow faded altars: false
     0 | D:1      | 0 ||| qw: Do Orc after D:15 true
     0 | D:1      | 0 ||| qw: Do second Lair branch before Depths: true
     0 | D:1      | 0 ||| qw: Lair rune preference: random
     0 | D:1      | 0 ||| qw: Plans: Normal
     0 | D:1      | 0 ||| PLANNING D:1-11
    66 | D:1      | 66 ||| SWAPPING to +0 hand axe.
    67 | D:1      | 67 ||| DROPPING +1 dagger.
   408 | D:1      | 408 ||| Stepping ~*~*~tactically~*~*~ (hiding).
   510 | D:1      | 510 ||| Stepping ~*~*~tactically~*~*~ (hiding).
   616 | D:1      | Reached skill level 1 in Axes
   618 | D:1      | Reached XP level 2. HP: 22/22 MP: 3/3
   809 | D:1      | Reached skill level 1 in Fighting
   971 | D:1      | 971 ||| Stepping ~*~*~tactically~*~*~ (hiding).
  1503 | D:1      | Reached XP level 3. HP: 27/28 MP: 4/4
  1691 | D:1      | 1691 ||| UPGRADING to +0 leather armour.
  1701 | D:1      | 1701 ||| DROPPING +0 robe.
  1702 | D:1      | 1702 ||| DROPPING orb of light.
  1703 | D:1      | 1703 ||| READING scroll labelled YCUDWOMUYZ.
  1704 | D:1      | 1704 ||| READING 2 scrolls labelled PAAHUI QIUPPU.
  1705 | D:1      | 1705 ||| DROPPING 2 potions of invisibility.
  1911 | D:2      | Found a faded altar of an unknown god.
  2036 | D:2      | You fall into a shaft and drop 1 floor!
  2335 | D:3      | 2335 ||| Stepping ~*~*~tactically~*~*~ (stealth).
  2336 | D:3      | 2336 ||| Stepping ~*~*~tactically~*~*~ (stealth).
  2337 | D:3      | 2337 ||| Stepping ~*~*~tactically~*~*~ (stealth).
  2338 | D:3      | 2338 ||| Stepping ~*~*~tactically~*~*~ (stealth).
  2344 | D:3      | Reached XP level 4. HP: 36/36 MP: 5/5
  2351 | D:3      | HP: 2/36 [gnoll/+0 flail (8)]
  2352 | D:3      | Slain by a gnoll

Levels and vault maps discovered:
D:1:      dpeg_arrival_arbitrary_c, layout_basic, hangedman_decor_opposing
D:2:      layout_loops_corners, basic_altar,
          shapermc_ecumenical_altar_totnotflames
D:3:      layout_basic

Skill      XL: |  1  2  3 |
---------------+----------+-----
Axes           | 1 2 |  2.4
Fighting       | 1 2 |  2.1
Short Blades   | |  0.8
Dodging        | |  1.7
Stealth        | |  3.2
Spellcasting   | |  1.7
Hexes          | |  2.4

Action                   |  1- 3 |  4- 6 || total
-------------------------+-------+-------++-------
Melee: Hand axe          |   113 |     9 ||   122
       Punch             |     2 |     1 ||     3
Throw: Javelin           |     7 |       ||     7
  Use: Scroll            |     2 |       ||     2
 Stab: Sleeping          |     2 |       ||     2
Armor: Robe              |    32 |       ||    32
       Leather armour    |     9 |     1 ||    10
Dodge: Dodged            |    86 |     3 ||    89

Table legend:
 A = Non-vault XP
 B = Vault XP
 C = Vault XP percentage of total XP
 D = Non-vault monster count
 E = Vault monster count
 F = Vault count percentage of total count
                 A         B        C        D         E       F
            +---------+---------+-------+---------+---------+-------
      Total |      84 |       0 |   0.0 |      33 |       0 |   0.0
            +---------+---------+-------+---------+---------+-------
        D:1 |      37 |       0 |   0.0 |      21 |       0 |   0.0
        D:2 |       8 |       0 |   0.0 |       4 |       0 |   0.0
        D:3 |      39 |       0 |   0.0 |       8 |       0 |   0.0
            +---------+---------+-------+---------+---------+-------
